AoeStats
← tavoo

Pilgrims

508582399Analyzed
4v4 RM · 10d ago on Sep 23, 2026· 57m 18s· 8 players
Game mode
Random Map
Map size
Large (8 player)
Population
200
Speed
Normal
Resources
Standard
Victory
Conquest
Starting age
Dark Age
Ending age
Imperial Age
RankedLock teamsTeams togetherTeam positionsShared explorationLock speedFull tech treeHidden civsTurbo modeCheats
Victory
Defeat
🇺🇸 Berbers · United States
1118
+15
🇨🇳 Spanish · China
1064
+18
🇨🇳 Danes · China
987
+21
🇨🇳 Varangians · China
969
+21
🇺🇸 Vietnamese · United States
1152
-21
🇲🇽 Dravidians · Mexico
1137
-20
🇺🇸 Japanese · United States
1132
-20
🇺🇸 Varangians · United States
973
-14
Hello World
4:40 Loom
12:26 Feudal Age
13:45 Double-Bit Axe
17:12 Castle Age
16:41 Gold Mining
18:40 Medium Warships
19:56 Bow Saw
21:05 Horse Collar
26:30 Town Watch
27:19 Heavy Plow
27:55 Clinker Construction
29:12 Careening
29:46 Wheelbarrow
29:52 Stone Mining
32:45 Kasbah
35:01 Fletching
36:47 Demolition Ship
40:53 Imperial Age
42:40 Hand Cart
42:26 Town Patrol
42:46 Heavy Demolition Ship
43:42 Onager
44:53 Conscription
45:48 Siege Engineers
47:16 Chemistry
46:37 Ballistics
46:01 Treadmill Crane
46:48 Carvel Hull
47:07 Fletching
49:13 Shipwright
49:00 Siphons
52:19 Dry Dock
54:32 Heavy Warships
55:14 Elite Cannon Galleon
57:09 Spies/Treason
chan pee
9:39 Loom
9:43 Loom
12:49 Feudal Age
19:12 Castle Age
18:21 Gold Mining
18:22 Stone Mining
18:18 Horse Collar
20:29 Wheelbarrow
20:27 Scale Mail Armor
23:26 Chain Mail Armor
23:22 Forging
26:33 Iron Casting
26:35 Arson
26:51 Squires
26:37 Gambesons
30:50 Gold Shaft Mining
30:50 Stone Shaft Mining
34:54 Hand Cart
35:09 Town Watch
38:54 Imperial Age
37:08 Double-Bit Axe
37:38 Heavy Plow
39:03 Elite Varangian Guard
39:09 Capped Ram
39:29 Northmen's Fury
40:30 Conscription
41:22 Siege Ram
50:12 Medium Warships
51:13 Coinage
53:31 Heavy Warships
54:07 Ballistics
54:49 Chemistry
54:21 Shipwright
54:18 Careening
54:22 Clinker Construction
笨狸特能睡
5:06 Loom
11:43 Feudal Age
12:43 Double-Bit Axe
15:03 Fletching
19:57 Castle Age
19:14 Fishing Lines
21:40 Medium Warships
24:03 Horse Collar
26:47 Husbandry
29:08 Bloodlines
37:11 Imperial Age
36:38 Gold Mining
36:51 Heavy Plow
38:05 Wheelbarrow
37:15 Cavalier
38:04 Stone Mining
38:26 Bow Saw
39:20 Paladin
41:02 Hand Cart
40:56 Scale Barding Armor
42:08 Chain Barding Armor
42:58 Forging
44:20 Plate Barding Armor
45:12 Iron Casting
48:47 Conscription
49:09 Shipwright
48:56 Siphons
49:03 Clinker Construction
49:28 Heavy Warships
50:13 Clinker Construction
50:14 Careening
50:15 Bodkin Arrow
51:12 Bracer
52:16 Chemistry
51:37 Ballistics
51:41 Carvel Hull
54:23 Elite Cannon Galleon
57:10 Spies/Treason
Haven
11:58 Feudal Age
10:30 Loom
12:29 Double-Bit Axe
12:28 Fishing Lines
13:33 Bloodlines
15:09 Forging
15:36 Wheelbarrow
14:48 Town Watch
15:45 Scale Barding Armor
16:20 Horse Collar
22:36 Castle Age
23:37 Chain Barding Armor
23:43 Bow Saw
23:44 Husbandry
24:06 Gold Mining
30:10 Iron Casting
35:22 Hand Cart
38:58 Imperial Age
37:15 Stone Mining
38:03 Heavy Plow
37:44 Vendel Legacy
39:20 Cavalier
41:21 Plate Barding Armor
41:15 Light Cavalry
45:50 Blast Furnace
45:52 Siege Engineers
48:32 Careening
48:33 Clinker Construction
48:46 Shipwright
48:40 Clinker Construction
48:41 Careening
49:24 Ballistics
50:05 Chemistry
50:15 Elite Longship
50:46 Fletching
51:28 Medium Warships
52:07 Bodkin Arrow
52:49 Bracer
54:03 Carvel Hull
tavoo
12:24 Feudal Age
13:16 Double-Bit Axe
14:07 Town Watch
14:09 Loom
15:26 Fletching
17:55 Castle Age
18:49 Medium Warships
18:48 Bodkin Arrow
19:27 Fishing Lines
19:54 Gold Mining
20:39 Gillnets
22:04 Ballistics
24:05 Wheelbarrow
32:25 Imperial Age
31:43 Hand Cart
33:36 Heavy Warships
33:42 Bracer
35:41 Chemistry
38:59 Elite Cannon Galleon
43:03 Murder Holes
Chef
12:12 Feudal Age
14:08 Double-Bit Axe
18:03 Castle Age
16:55 Fletching
17:40 Loom
17:41 Horse Collar
19:19 Bow Saw
22:34 Wheelbarrow
26:39 Heavy Plow
28:02 Bodkin Arrow
27:57 Town Watch
30:52 Ballistics
34:11 Imperial Age
32:11 Thumb Ring
31:42 Elite Skirmisher
32:25 Padded Archer Armor
32:44 Crossbowman
36:09 Chemistry
35:02 Imperial Skirmisher
36:00 Fishing Lines
37:21 Bracer
37:37 Leather Archer Armor
37:34 Chatras
38:30 Hand Cart
38:11 Gold Mining
39:32 Paper Money
40:04 Ring Archer Armor
39:40 Scale Barding Armor
39:45 Forging
42:17 Arbalester
Goob
3:41 Loom
11:54 Feudal Age
12:33 Double-Bit Axe
18:24 Castle Age
17:10 Bloodlines
17:19 Gold Mining
17:27 Stone Mining
18:18 Horse Collar
20:13 Wheelbarrow
22:41 Forging
Gingerbread2296
11:24 Feudal Age
15:22 Castle Age
13:56 Double-Bit Axe
16:55 Fletching
16:55 Loom
19:24 Bodkin Arrow
19:51 Town Watch
22:07 Medium Warships
22:38 Scale Mail Armor
23:03 Gold Mining
26:56 Bow Saw
28:25 Forging
Connection lost

Rejoining the realm…

Still unreachable

The connection could not be restored.

Session expired

The server has moved on; the page needs a fresh start.